 Dungeon Crawl Stone Soup version 0.32-a0-841-g4648e6c457 (webtiles) character file.

Game seed: 4701436402303084053

1159 Fodor the Chopper (level 8, -12/70 HPs)
             Began as a Minotaur Fighter on Mar 26, 2024.
             Killed from afar by a steam dragon (23 damage)
             ... with a ball of steam
             ... on level 6 of the Dungeon.
             The game lasted 00:08:49 (3840 turns).

Fodor the Chopper (Minotaur Fighter)                Turns: 3840, Time: 00:08:50

Health: -12/70     AC: 11    Str: 23    XL:     8   Next: 16%
Magic:  7/7        EV:  8    Int:  5    God:
Gold:   220        SH:  5    Dex: 16    Spells: 7/7 levels left

rFire   . . .        a - +0 war axe
rCold   . . .        c - +0 buckler
rNeg    . . .        x - +0 chain mail
rPois   .            (helmet restricted)
rElec   .            (no cloak)
rCorr   .            u - +0 pair of gloves
SInv    .            (no boots)
Will    .....        (no amulet) Stlth
                     l - +6 ring of dexterity
HPRegen 0.31/turn    (no ring)
MPRegen 0.10/turn

%: no passive effects
@: no status effects
A: horns 2, retaliatory headbutt
a: no special abilities


You were on level 6 of the Dungeon.
You visited 1 branch of the dungeon, and saw 6 of its levels.

You collected 220 gold pieces.

Inventory:

Hand Weapons
 a - a +0 war axe (weapon)
Missiles
 r - 3 boomerangs (quivered)
Armour
 c - a +0 buckler (worn)
 u - a +0 pair of gloves (worn)
 x - a +0 chain mail (worn)
Jewellery
 g - a ring of flight
 l - a +6 ring of dexterity (left hand)
 t - a ring of magical power
 w - a +6 ring of dexterity
Talismans
 v - a serpent talisman
Wands
 m - a wand of warping (3)
 n - a wand of flame (14)
Scrolls
 e - 2 scrolls of poison {unknown}
 i - 2 scrolls of revelation {unknown}
 p - 2 scrolls of teleportation {unknown}
 q - 2 scrolls of enchant weapon {unknown}
Potions
 d - a potion of might
 f - a potion of heal wounds
 h - a potion of enlightenment {unknown}
 j - a potion of magic {unknown}
 k - 2 potions of curing {unknown}
 o - a potion of brilliance {unknown}
 s - a potion of haste {unknown}


   Skills:
 + Level 5.7 Fighting
 + Level 7.7 Axes
 + Level 0.2 Throwing
 + Level 7.1 Armour
 + Level 2.8 Dodging
 + Level 0.1 Stealth
 + Level 4.9 Shields


You had 7 spell levels left.
You didn't know any spells.
Your spell library contained the following spells:

 Spells                   Type           Power      Damage    Failure   Level
 Freeze                   Ice            0%         1d3       97%         1
 Frozen Ramparts          Ice            0%         1d1       100%        3
 Hailstorm                Conj/Ice       0%         3d5       100%        3


Dungeon Overview and Level Annotations

Branches:
Dungeon (6/15)
 Temple: D:4-7

Altars:

Shops:
D:1 [   D:2 (

Annotations:
D:3 1 runed translucent door, Crazy Yiuf


Innate Abilities, Weirdness & Mutations

You have a pair of horns on your head.
You reflexively headbutt those who attack you in melee.


Message History

The steam dragon claws you but does no damage.
The steam dragon bites you but does no damage.
You block the steam dragon's attack.
You completely miss the steam dragon.
You headbutt the steam dragon, but do no damage.
The steam dragon is lightly wounded.
The liquid fire burns you! You block the steam dragon's attack.
The steam dragon closely misses you.
You barely miss the steam dragon.
You headbutt the steam dragon, but do no damage.
The steam dragon is lightly wounded.
The liquid fire burns you! You block the steam dragon's attack.
The steam dragon claws you but does no damage.
You hit the steam dragon.
You headbutt the steam dragon, but do no damage.
The steam dragon is moderately wounded.
The liquid fire burns you! You block the steam dragon's attack.
The steam dragon completely misses you.
You slash the steam dragon! Your headbutt misses the steam dragon.
The steam dragon is heavily wounded.
The liquid fire burns you!
The steam dragon bites you but does no damage.
The steam dragon barely misses you.
You barely miss the steam dragon.
The steam dragon is heavily wounded.
The steam dragon bites you.
* * * LOW HITPOINT WARNING * * *
The steam dragon closely misses you.
You hit the steam dragon.
The steam dragon is severely wounded.
The steam dragon breathes steam at you. The ball of steam hits you!
* * * LOW HITPOINT WARNING * * *
You hit the steam dragon.
The steam dragon is severely wounded.
You are engulfed in a cloud of scalding steam.
The steam dragon breathes steam at you. The ball of steam hits you!!
You die...

#... #.. #.. #.. #.#.#
#.# #.. #.#.# ##.# ...
#§#.# #....... #§#.#
..#... #@#.# ....
#D#.####.#
#B#.>....####.#
########.......<.....#
.....(..$#.#########.#
.#######.#.# #.#.#
#.#.# #.#.#


You could see a steam dragon (catching breath) and a bombardier beetle.

Vanquished Creatures
  The ghost of smashvw the Magician, a novice DECj (D:5)
  Grinder (D:3)
  Sigmund (D:3)
  Eustachio (D:5)
  A phantom (D:5)
  An orc priest (D:5)
  A sleepcap (D:5)
  Terence (D:2)
  An orc wizard (D:3)
  Natasha (thrice) (D:3)
  7 gnolls
  3 adders
  2 shadow imps (D:5)
  2 dart slugs
  2 ribbon worms
  4 orcs
  5 endoplasms
  4 giant cockroaches
  4 goblins
  4 hobgoblins (D:1)
  8 jackals
  5 quokkas
  3 ball pythons (D:1)
  2 bats
  4 frilled lizards
  A kobold (D:4)
  5 rats
77 creatures vanquished.

Notes
Turn   | Place    | Note
-------+----------+-------------------------------------------
     0 | D:1      | Fodor the Minotaur Fighter began the quest for the Orb.
     0 | D:1      | Reached XP level 1. HP: 19/19 MP: 0/0
    62 | D:1      | Found a faded altar of an unknown god.
   391 | D:1      | Found Ichec's Armour Shoppe.
   440 | D:1      | Reached XP level 2. HP: 27/27 MP: 1/1
  1090 | D:2      | Found Ynanebij's Antique Weapon Boutique.
  1133 | D:2      | Reached XP level 3. HP: 33/33 MP: 2/2
  1140 | D:2      | Reached skill level 1 in Dodging
  1245 | D:2      | Noticed Terence
  1250 | D:2      | Reached XP level 4. HP: 37/40 MP: 3/3
  1254 | D:2      | Killed Terence
  1255 | D:2      | Reached skill level 5 in Armour
  1527 | D:3      | Noticed Sigmund
  1543 | D:3      | Killed Sigmund
  1544 | D:3      | Reached XP level 5. HP: 14/47 MP: 4/4
  1865 | D:3      | Reached XP level 6. HP: 52/53 MP: 5/5
  1985 | D:3      | Noticed Grinder
  1996 | D:3      | Killed Grinder
  1997 | D:3      | Reached skill level 5 in Axes
  2133 | D:3      | Found a runed translucent door.
  2134 | D:3      | Noticed Crazy Yiuf
  2398 | D:3      | Noticed Natasha
  2410 | D:3      | Killed Natasha
  2411 | D:3      | Reached XP level 7. HP: 51/60 MP: 6/6
  2593 | D:3      | Noticed Natasha
  2600 | D:3      | Killed Natasha
  2711 | D:3      | Noticed Natasha
  2716 | D:3      | Killed Natasha
  2717 | D:3      | Reached skill level 5 in Fighting
  3258 | D:5      | Entered Level 5 of the Dungeon
  3266 | D:5      | Noticed Eustachio
  3319 | D:5      | HP: 2/61 [Eustachio/+0 falchion (3)]
  3330 | D:5      | Killed Eustachio
  3594 | D:5      | Found a runed translucent door.
  3605 | D:5      | Noticed smashvw's ghost (novice DECj)
  3780 | D:5      | Killed smashvw's ghost
  3781 | D:5      | Reached XP level 8. HP: 69/70 MP: 7/7
  3840 | D:6      | Killed from afar by a steam dragon

Illustrated notes

Levels and vault maps discovered:
D:1:      minmay_arrival_hallway, layout_basic, serial_shops, shop,
          ebering_ecumenical_altar_box
D:2:      layout_loops_ring, serial_shops, nicolae_shop_statue_plus,
          kennysheep_pointless_box, uniq_terence
D:3:      layout_basic, amcnicky_mini_corridor_feature, uniq_natasha,
          uniq_grinder, uniq_crazy_yiuf_cottage, uniq_sigmund
D:4:      layout_basic
D:5:      layout_rooms, ebering_ghost_reflecting_pool, uniq_eustachio
D:6:      layout_loops_ring

Skill      XL: |  1  2  3  4  5  6  7 |
---------------+----------------------+-----
Armour         | 4 5 6 7 |  7.1
Shields        | 4 |  4.9
Axes           | 3 4 5 7 |  7.7
Dodging        | 1 2 |  2.8
Fighting       | 4 5 |  5.7
Throwing       | |  0.2
Stealth        | |  0.1

Action                     |  1- 3 |  4- 6 |  7- 9 || total
---------------------------+-------+-------+-------++-------
  Melee: War axe           |    58 |    59 |    87 ||   204
         Headbutt          |     8 |     8 |    20 ||    36
  Throw: Boomerang         |       |     4 |       ||     4
    Use: Potion            |       |       |     1 ||     1
 Armour: Scale mail        |    55 |    48 |    64 ||   167
         Chain mail        |       |       |    10 ||    10
  Dodge: Dodged            |    28 |    12 |    34 ||    74
  Block: Buckler           |    11 |    13 |    28 ||    52

Table legend: (Time is in decaauts)
 A = Elapsed time spent in this place.
 B = Non-inter-level travel time spent in this place.
 C = Inter-level travel time spent in this place.
 D = Time resting spent in this place.
 E = Time spent auto-exploring this place.
 F = Levels seen in this place.
 G = Mean time per level.
                   A        B        C        D        E       F      G
               +--------+--------+--------+--------+--------+-----+--------+
         Total |   3914 |   3826 |     88 |      0 |   2822 |   6 |  652.3 |
       Dungeon |   3914 |   3826 |     88 |      0 |   2822 |   6 |  652.3 |
               +--------+--------+--------+--------+--------+-----+--------+

Top non-repeatable levels by time:
     D:3: 1308 daAuts
     D:1: 817 daAuts
     D:2: 729 daAuts
     D:5: 578 daAuts
     D:4: 457 daAuts
     D:6: 22 daAuts
